 Dungeon Crawl Stone Soup version 0.30-a0-743-gbfdf073431 (webtiles) character file.

Game seed: 5347612559237207226

35 Angani the Conjurer (level 3, -2/26 HPs)
             Began as a Meteoran Conjurer on Feb 5, 2023.
             Slain by a goblin
             ... wielding a +0 club
             ... led by Robin
              (3 damage)
             ... on level 3 of the Dungeon.
             The game lasted 00:02:56 (615 turns).

Angani the Conjurer (Meteoran Conjurer)              Turns: 615, Time: 00:02:56

Health: -2/26      AC:  2    Str:  8    XL:     3   Next: 79%
Magic:  1/9        EV: 12    Int: 22    God:
Gold:   86         SH:  0    Dex: 12    Spells: 6/9 levels left

rFire   . . .      SeeInvis .    (no weapon)
rCold   . . .      Faith    .    (no shield)
rNeg    . . .      Spirit   .    a - +0 robe
rPois   .          Reflect  .    (no helmet)
rElec   .          Harm     .    (no cloak)
rCorr   .          Rampage  .    (no gloves)
Will    .....                    (no boots)
Stlth   +                        (no amulet)
HPRegen 0.24/turn                (no ring)
MPRegen 0.11/turn                (no ring)

@: glowing
A: sense surroundings 1, otherworldly, glowing, explore regen
a: no special abilities


You were on level 3 of the Dungeon.
You visited 1 branch of the dungeon, and saw 3 of its levels.

You collected 86 gold pieces.

Inventory:

Armour
 a - a +0 robe (worn)
Scrolls
 i - a scroll of acquirement {unknown}
Potions
 b - a potion of magic
 c - a potion of curing {unknown}
 d - a potion of flight {unknown}
 e - a potion of brilliance
 g - a potion of cancellation {unknown}
 h - a potion of degeneration {unknown}


   Skills:
 - Level 2.4 Dodging
 - Level 1.4 Stealth
 + Level 3.7 Spellcasting
 + Level 5.5 Conjurations


You had 6 spell levels left.
You knew the following spells:

 Your Spells              Type           Power      Damage    Failure   Level
a - Magic Dart            Conj           100%       1d8       1%          1
b - Searing Ray           Conj           56%        2d6       1%          2

Your spell library contained the following spells:

 Spells                   Type           Power      Damage    Failure   Level
 Dazzling Flash           Conj/Hex       32%        N/A       11%         3
 Portal Projectile        Hex/Tloc       8%         N/A       34%         3
 Tukima's Dance           Hex            4%         N/A       34%         3
 Fulminant Prism          Conj/Hex       8%         3d7       36%         4
 Iskenderun's Mystic Bla  Conj/Tloc      16%        2d5       36%         4
 Blade Hands              Tmut           2%         N/A       97%         5


Dungeon Overview and Level Annotations

Branches:
Dungeon (3/15) Zot: 1181

Altars:

Annotations:
D:3 Robin


Innate Abilities, Weirdness & Mutations

You passively map a small area around you.
You are easily found by Zot.
You glow in the dark.
You regain HP and MP as you explore.


Message History

The searing ray hits the goblin!
You kill the goblin!
The searing ray hits the goblin!
You kill the goblin!
The searing ray hits the goblin!
You kill the goblin!
Robin and a goblin come into view.
Robin is wielding a +2 antimagic short sword.
Robin shouts!
The goblin shouts!
A goblin comes into view. It is wielding a +0 club.
Robin throws the goblin at you! The goblin completely misses you.
Casting: Searing Ray (safe; 1% risk of failure)
Confirm with . or Enter, or press ? or * to list all spells.
Aiming: Searing Ray (safe; 1% risk of failure)
Press: ? - help, Shift-Dir - straight line The searing ray hits the goblin!
You kill the goblin!
The searing ray hits the goblin.
You kill the goblin! (Press . to maintain the ray.)
The goblin hits you with a +0 club. The goblin hits you with a +0 club.
The searing ray hits the goblin!
You kill the goblin!
A goblin comes into view.
It is wielding a +2 dagger of holy wrath.
The goblin hits you with a +0 club.
* * * LOW HITPOINT WARNING * * *
Robin roars a battlecry!
The goblins go into a battle-frenzy!
The goblin shouts!
Robin throws the goblin at you!
* * * LOW HITPOINT WARNING * * *
You see here a ball python corpse.
As you read the scroll labelled VIBBODAOSE, it crumbles to dust.
The scroll dissolves into smoke.
It was a scroll of fog.
The goblin hits you with a +2 dagger of holy wrath.
* * * LOW HITPOINT WARNING * * *
The goblin hits you with a +0 club.
You die...

*, * * , * #..#.##.# , , , .
###..#....# ,,** ####
............ ,, *
#....####..###...... *
#,*#.........#.##..### #### , #.
####.####.#.#.....###...
.####.#####..§§§....##)......##
.......)g†).§g@g...<...........
,....$.....#..§§§§....#.#.......
*
.....####.#.........##.#####.#.
... #..............#####.#. .
##.#.###.####.......... , ,
#.#.# #.# #.....(.... , , *
*....# ### #.......... * ######
#####...##. * * * #...###


You could see 2 goblins.

Vanquished Creatures
  2 endoplasms (D:2)
  A giant cockroach (D:1)
  8 goblins
  5 hobgoblins
  2 quokkas (D:1)
  3 ball pythons
  3 bats
  2 frilled lizards
  3 kobolds (D:2)
29 creatures vanquished.

Notes
Turn   | Place    | Note
-------+----------+-------------------------------------------
     0 | D:1      | Angani the Meteoran Conjurer began the quest for the Orb.
     0 | D:1      | Reached XP level 1. HP: 14/14 MP: 5/5
    36 | D:1      | Reached skill level 5 in Conjurations
    71 | D:1      | Reached XP level 2. HP: 19/20 MP: 4/7
    83 | D:1      | Learned a level 2 spell: Searing Ray
   429 | D:2      | Reached XP level 3. HP: 26/26 MP: 6/8
   608 | D:3      | Noticed Robin
   615 | D:3      | HP: 1/26 [goblin/+2 dagger of holy wrath[Robin] (5)]
   615 | D:3      | Slain by a goblin

Illustrated notes

Levels and vault maps discovered:
D:1:      minmay_arrival_four_houses, layout_basic
D:2:      layout_basic
D:3:      layout_basic, nicolae_overflow_squiral, corexii_shack,
          grunt_decor_clamped, uniq_robin, uniq_sigmund

Skill      XL: |  1 |
---------------+----+-----
Conjurations   | 5 |  5.5
Spellcasting   | 3 |  3.7
Dodging        | |  2.4
Stealth        | |  1.4

Action                     || total
---------------------------++-------
   Cast: Magic Dart        ||    31
         Searing Ray       ||     2
    Use: Scroll            ||     2
         Potion            ||     1
 Armour: Robe              ||     5
  Dodge: Dodged            ||     7

Table legend: (Time is in decaauts)
 A = Elapsed time spent in this place.
 B = Non-inter-level travel time spent in this place.
 C = Inter-level travel time spent in this place.
 D = Time resting spent in this place.
 E = Time spent auto-exploring this place.
 F = Levels seen in this place.
 G = Mean time per level.
                   A        B        C        D        E       F      G
               +--------+--------+--------+--------+--------+-----+--------+
         Total |    617 |    543 |     74 |      0 |      0 |   3 |  205.7 |
       Dungeon |    617 |    543 |     74 |      0 |      0 |   3 |  205.7 |
               +--------+--------+--------+--------+--------+-----+--------+

Top non-repeatable levels by time:
     D:2: 282 daAuts
     D:1: 242 daAuts
     D:3: 92 daAuts
